 Dungeon Crawl Stone Soup version 0.18-a0-1088-g34ef3a2 (webtiles) character file.

41 4thArraOfDagon the Sneak (level 3, -4/28 HPs)
             Began as a Naga Enchanter on Jan 15, 2016.
             Slain by an ogre
             ... wielding a +0 giant club
              (17 damage)
             ... on level 4 of the Dungeon.
             The game lasted 00:04:16 (585 turns).

4thArraOfDagon the Sneak (Naga Enchanter)            Turns: 585, Time: 00:04:16

Health: -4/28      AC:  4    Str: 10    XL:     3   Next: 52%
Magic:  0/6        EV: 10    Int: 15    God:
Gold:   96         SH:  0    Dex: 12    Spells: 2 memorised, 3 levels left

rFire  . . .     SeeInvis +     g - +1 short sword (drain)
rCold  . . .     Gourm    .     b - +1 robe
rNeg   . . .     Faith    .     (no shield)
rPois  +         Spirit   .     e - +0 helmet
rElec  .         Dismiss  .     (no cloak)
rCorr  .         Reflect  .     (no gloves)
SustAt .         Harm     .     (no barding)
MR     .....                    (no amulet)
Stlth  +++.......               (no ring)
                                (no ring)

@: short of breath, very slow, not resistant to hostile enchantments, fairly
stealthy
A: see invisible, deformed body, poison resistance, slowness 2, slow metabolism
1, spit poison 2, AC +1
a: Spit Poison


You were on level 4 of the Dungeon.
You were not hungry.

You visited 1 branch of the dungeon, and saw 5 of its levels.

You collected 96 gold pieces.

Inventory:

Hand Weapons
 g - a +1 short sword of draining (weapon)
Armour
 b - a +1 robe (worn)
 e - a +0 helmet (worn)
Scrolls
 a - a scroll of enchant armour {unknown}
 f - a scroll of noise {unknown}
 h - a scroll of enchant weapon {unknown}
Books
 c - a book of Maledictions

   Spells                             Type                      Level
   a - Corona                         Hexes                        1
   b - Ensorcelled Hibernation        Hexes/Ice                    2
   c - Confuse                        Hexes                        3
   d - Tukima's Dance                 Hexes                        3
   e - Dazzling Spray                 Conjuration/Hexes            3
Comestibles
 d - a bread ration
 j - a meat ration


   Skills:
 * Level 1.9 Short Blades
 - Level 1.5 Dodging
 * Level 5.3 Stealth
 - Level 2.0 Spellcasting
 - Level 3.3 Hexes
 * Level 1.0 Ice Magic


You had 3 spell levels left.
You knew the following spells:

 Your Spells              Type           Power        Failure   Level  Hunger
a - Corona                Hex            ##.....      8%          1    #......
b - Ensorcelled Hibernat  Hex/Ice        #.....       14%         2    ###....


Dungeon Overview and Level Annotations

Branches:
Dungeon (5/15)
 Temple: D:4-7

Altars:
Trog


Innate Abilities, Weirdness & Mutations

You cannot wear boots.
Your serpentine skin is tough (AC +1).
You have supernaturally acute eyesight.
Armour fits poorly on your strangely shaped body.
Your system is resistant to poisons.
You cover ground very slowly.
You have a slow metabolism.
You can spit poison.


Message History

You see here an uncursed amulet of guardian spirit.
You have got your breath back.
Press: ? - help, Shift-Dir - straight line, f/p - ogre
Aim: an ogre, wielding a giant club The splash of poison hits the ogre.
The ogre is poisoned.
The ogre is lightly wounded.
You feel slightly more hungry.
Unknown command.
Cast which spell? (? or * to list)
Aiming: Ensorcelled Hibernation
Press: ? - help, Shift-Dir - straight line, f/p - ogre
Aim: an ogre, wielding a giant club (lightly wounded, poisoned, chance to defeat MR: 38%)
The ogre resists with some effort.
The ogre hits you with a giant club!
Ouch! That really hurt!
Unknown command.
You hit the ogre. You drain the ogre!
The ogre is heavily wounded.
The ogre hits you with a giant club!
Ouch! That really hurt!
You die...

#.# #.# #.# #.#
#.# #># #.#
#############.#
...........O@.#
#############.#
###


You could see an ogre.

Vanquished Creatures
  An adder (D:2)
  A worm (D:2)
  A giant gecko (D:1)
  An orc (D:4)
  A ball python (D:1)
  3 hobgoblins
  6 jackals
  A quokka (D:2)
  2 giant newts
  3 goblins
  3 kobolds
  2 rats (D:3)
25 creatures vanquished.

Notes
Turn   | Place    | Note
--------------------------------------------------------------
     0 | D:1      | 4thArraOfDagon the Naga Enchanter began the quest for the Orb.
     0 | D:1      | Reached XP level 1. HP: 15/15 MP: 3/3
    54 | D:1      | BLOAX: feels good to listen to someone with some serious vocal abilities
   152 | D:2      | Reached XP level 2. HP: 16/22 MP: 5/5
   157 | D:2      | BLOAX: my one achilles' heel
   163 | D:2      | Learned a level 2 spell: Ensorcelled Hibernation
   250 | D:2      | Reached XP level 3. HP: 28/28 MP: 6/6
   292 | D:1      | Reached skill level 5 in Stealth
   398 | D:4      | 4thArraOfDagon: whats wrong
   409 | D:4      | Found a bloodstained altar of Trog.
   438 | D:4      | BLOAX: My vocal abilities are crap. ;)
   448 | D:5      | Entered Level 5 of the Dungeon
   474 | D:3      | Reached skill level 1 in Ice Magic
   477 | D:4      | BLOAX: I have a shitty voice and I can't for the life of me speak quickly.
   477 | D:4      | 4thArraOfDagon: well being good guitarist and vocalist rarely come in pairs
   486 | D:4      | BLOAX: but i am very much contempt with my abilities
   508 | D:4      | BLOAX: one man can't be good at everything
   576 | D:4      | Noticed an ogre
   585 | D:4      | Slain by an ogre

Vault maps used:
D:1:      dpeg_arrival_rhombi, hangedman_decor_riveting,
          hangedman_abyss_or_decor_lesser_grid
D:2:      uniq_crazy_yiuf_cottage
D:3:      marbit_many_paths, minmay_misc_feat_five, kennysheep_another_room,
          minmay_misc_feat_columns, minmay_stone_trees_medium,
          grunt_ministairs_7
D:4:      lemuel_crystal_altar, lemuel_doored_altar, first_bread,
          grunt_decor_fettered, uniq_edmund
D:5:      lemuel_temple_firewalk_marked, serial_shops, kennysheep_little_box,
          shop, solitary_fountain

Action                   || total
-------------------------++-------
Melee: Dagger            ||     3
       Short sword       ||    32
 Cast: Ensorcelled Hiber ||     1
 Abil: Spit Poison       ||    23
 Stab: Sleeping          ||     1
